TOP OF THE 1ST |
Las Vegas Flamingos batting - Pitching for Greenville 84s : LHP Zadock Dinkelmann
|
Pitching: LHP Zadock Dinkelmann
|
|
Batting: RHB Sake van Arem
|
0-0: Called Strike 0-1: Called Strike 0-2: Fly out, F9 (Line Drive, 9, EV 89.4 MPH)
|
Batting: RHB Eric Deweese
|
0-0: Ball 1-0: Ball 2-0: Swinging Strike 2-1: Swinging Strike 2-2: Strikes out looking
|
Batting: RHB Esteban León
|
0-0: Ball 1-0: Ball 2-0: Ball 3-0: Called Strike 3-1: Foul Ball, location: 2F 3-2: Ground out 6-3 (Groundball, 6, EV 95.6 MPH)
|
Top of the 1st over - 0 runs, 0 hits, 0 errors, 0 left on base; Las Vegas 0 - Greenville 0 |
BOTTOM OF THE 1ST |
Greenville 84s batting - Pitching for Las Vegas Flamingos : RHP Kagetoki Matsubara
|
Pitching: RHP Kagetoki Matsubara
|
|
Batting: SHB Glyn Bolasky
|
0-0: Foul Ball, location: 2F 0-1: Foul Ball, location: 2F 0-2: Ball 1-2: Foul Ball, location: 2F 1-2: Foul Ball, location: 2F 1-2: Ball 2-2: Foul Ball, location: 2F 2-2: Strikes out swinging, 2-3 out at first.
|
Batting: LHB Philip Visscher
|
0-0: Foul Ball, location: 2F 0-1: Foul Ball, location: 2F 0-2: SINGLE (Groundball, 34D, EV 95.6 MPH)
|
Batting: LHB Roberts Hamhock
|
0-0: Called Strike 0-1: Ground out 4-3 (Groundball, 4S, EV 65.6 MPH) Philip Visscher to second
|
Batting: LHB Chris Payling
|
0-0: Called Strike 0-1: Ball 1-1: SINGLE (Line Drive, 56D, EV 101.2 MPH) Philip Visscher to third Runner from 3rd tries for Home, SAFE, throw by LF to home Chris Payling to second
|
Batting: RHB Gil Andersen
|
0-0: Ball 1-0: SINGLE (Line Drive, 78S, EV 96.9 MPH) Chris Payling to third Runner from 3rd tries for Home, SAFE, throw by CF to home
|
Batting: RHB António Macías
|
0-0: Ball 1-0: Called Strike 1-1: Ball 2-1: DOUBLE (Line Drive, 9LM, EV 105.6 MPH) Gil Andersen to third Runner from 3rd tries for Home, SAFE, throw by RF to trailing runner, OUT at third! 9-4-5
|
Bottom of the 1st over - 3 runs, 4 hits, 0 errors, 0 left on base; Las Vegas 0 - Greenville 3 |
TOP OF THE 2ND |
Las Vegas Flamingos batting - Pitching for Greenville 84s : LHP Zadock Dinkelmann
|
Batting: LHB Chan-ho Shinn
|
0-0: Swinging Strike 0-1: Swinging Strike 0-2: Strikes out swinging
|
Batting: LHB Joo-Chan Park
|
0-0: Ball 1-0: Called Strike 1-1: Ball 2-1: Swinging Strike 2-2: Strikes out swinging
|
Batting: LHB Lewis N. Clark
|
0-0: Ground out U3 (Groundball, 3, EV 104.4 MPH)
|
Top of the 2nd over - 0 runs, 0 hits, 0 errors, 0 left on base; Las Vegas 0 - Greenville 3 |
BOTTOM OF THE 2ND |
Greenville 84s batting - Pitching for Las Vegas Flamingos : RHP Kagetoki Matsubara
|
Batting: LHB Lung Chaim
|
0-0: Called Strike 0-1: Foul Ball, location: 2F 0-2: SINGLE (Line Drive, 5D, EV 98.8 MPH)
|
Batting: RHB Juan Jose Ayala
|
0-0: Called Strike Lung Chaim steals 2nd, throwing error, E2 Lung Chaim to third 0-1: 2-RUN HOME RUN (Flyball, 89XD, EV 101.9 MPH), Distance : 396 ft
|
Batting: RHB Nick Bechtel
|
0-0: Ground out 5-3 (Groundball, 5L, EV 83.8 MPH)
|
Batting: SHB Glyn Bolasky
|
0-0: Foul Ball, location: 2F 0-1: Called Strike 0-2: Ground out 4-3 (Groundball, 4, EV 83.1 MPH)
|
Batting: LHB Philip Visscher
|
0-0: Ball 1-0: Swinging Strike 1-1: Swinging Strike 1-2: Ball 2-2: Ball 3-2: Foul Ball, location: 2F 3-2: Foul Ball, location: 2F 3-2: Foul Ball, location: 2F 3-2: Foul Ball, location: 2F 3-2: Fly out, F8 (Line Drive, 8RM, EV 100.0 MPH)
|
Bottom of the 2nd over - 2 runs, 2 hits, 1 error, 0 left on base; Las Vegas 0 - Greenville 5 |
TOP OF THE 3RD |
Las Vegas Flamingos batting - Pitching for Greenville 84s : LHP Zadock Dinkelmann
|
Batting: LHB Dirk Horwedel
|
0-0: Ball 1-0: Ground out 5-3 (Groundball, 5S, EV 65.6 MPH)
|
Batting: LHB Owen Sharts
|
0-0: SINGLE (Line Drive, 8LS, EV 85.6 MPH)
|
Batting: RHB Benjamin Blunsdon
|
0-0: Ball 1-0: Ball 2-0: Ball 3-0: Called Strike 3-1: Fly out, F8 (Flyball, 8LS, EV 95.6 MPH)
|
Batting: RHB Sake van Arem
|
0-0: Ball 1-0: Ball 2-0: Foul Ball, location: 2F 2-1: Called Strike 2-2: Foul Ball, location: 2F 2-2: Ball 3-2: SINGLE (Groundball, 6MD, EV 109.4 MPH) Owen Sharts to second Owen Sharts to third
|
Batting: RHB Eric Deweese
|
0-0: Fielders Choice at 2nd, U6 (Groundball, 6M, EV 86.9 MPH)
|
Top of the 3rd over - 0 runs, 2 hits, 0 errors, 2 left on base; Las Vegas 0 - Greenville 5 |
BOTTOM OF THE 3RD |
Greenville 84s batting - Pitching for Las Vegas Flamingos : RHP Kagetoki Matsubara
|
Batting: LHB Roberts Hamhock
|
0-0: Called Strike 0-1: Called Strike 0-2: Ball 1-2: DOUBLE (Flyball, 8LXD, EV 104.4 MPH)
|
Batting: LHB Chris Payling
|
0-0: Ball 1-0: Called Strike 1-1: Ball 2-1: Ball 3-1: Foul Ball, location: 2F 3-2: Base on Balls
|
Pitching: RHP Pang Qin
|
|
Batting: RHB Gil Andersen
|
0-0: Called Strike 0-1: Called Strike 0-2: Ball 1-2: Foul Ball, location: 2F 1-2: Fly out, F3 (Popup, 3DF, EV 65.0 MPH)
|
Batting: RHB António Macías
|
0-0: Ball 1-0: Ball 2-0: Ball 3-0: Called Strike 3-1: Base on Balls Roberts Hamhock to third Chris Payling to second
|
Batting: LHB Lung Chaim
|
0-0: Ball 1-0: Ball 2-0: SINGLE (Groundball, 6MD, EV 95.0 MPH) Roberts Hamhock scores Chris Payling to third António Macías to second Runner from 3rd tries for Home, SAFE, throw by CF to home
|
Batting: RHB Juan Jose Ayala
|
0-0: Ball 1-0: SINGLE (Line Drive, 3D, EV 95.0 MPH) António Macías to third Lung Chaim to second
|
Batting: RHB Nick Bechtel
|
0-0: Called Strike 0-1: Grounds into double play, 6-4-3 (Groundball, 6, EV 90.6 MPH)
|
Bottom of the 3rd over - 2 runs, 3 hits, 0 errors, 2 left on base; Las Vegas 0 - Greenville 7 |
TOP OF THE 4TH |
Las Vegas Flamingos batting - Pitching for Greenville 84s : LHP Zadock Dinkelmann
|
Batting: RHB Esteban León
|
0-0: Called Strike 0-1: Fly out, F8 (Flyball, 8RD, EV 89.4 MPH)
|
Batting: LHB Chan-ho Shinn
|
0-0: Called Strike 0-1: Ball 1-1: Fly out, F8 (Flyball, 8LXD, EV 102.5 MPH)
|
Batting: LHB Joo-Chan Park
|
0-0: SINGLE (Flyball, 3D, EV 95.0 MPH)
|
Batting: LHB Lewis N. Clark
|
0-0: Ball 1-0: Foul Ball, location: 2F 1-1: Fielders Choice at 2nd, 6-4 (Groundball, 6, EV 105.0 MPH)
|
Top of the 4th over - 0 runs, 1 hit, 0 errors, 1 left on base; Las Vegas 0 - Greenville 7 |
BOTTOM OF THE 4TH |
Greenville 84s batting - Pitching for Las Vegas Flamingos : RHP Pang Qin
|
Batting: SHB Glyn Bolasky
|
0-0: Called Strike 0-1: SINGLE (Line Drive, 7S, EV 96.9 MPH)
|
Batting: LHB Philip Visscher
|
0-0: Ball 1-0: Ball 2-0: Ball 3-0: Base on Balls Glyn Bolasky to second
|
Batting: LHB Roberts Hamhock
|
0-0: Called Strike 0-1: 3-RUN HOME RUN (Flyball, 7LD, EV 111.2 MPH), Distance : 350 ft
|
Batting: LHB Chris Payling
|
0-0: Swinging Strike 0-1: Ball 1-1: SINGLE (Groundball, 4MD, EV 101.9 MPH)
|
Batting: RHB Gil Andersen
|
0-0: Ball 1-0: Foul Ball, location: 2F 1-1: Called Strike 1-2: SINGLE (Groundball, 3S, EV 81.2 MPH) (infield hit) Chris Payling to second
|
Batting: RHB António Macías
|
0-0: Ball 1-0: Ball 2-0: Called Strike 2-1: Ball 3-1: TRIPLE (Flyball, 89XD, EV 93.1 MPH) Chris Payling scores Gil Andersen scores
|
Pitching: RHP Gilberto Pontojá
|
|
Batting: LHB Lung Chaim
|
0-0: Called Strike 0-1: Ground out 2-3 (Groundball, 2L, EV 70.6 MPH)
|
Batting: RHB Juan Jose Ayala
|
0-0: Ball 1-0: Ground out 2-3 (Groundball, 13S, EV 71.2 MPH)
|
Batting: RHB Nick Bechtel
|
0-0: Ball 1-0: Called Strike 1-1: Ball 2-1: Foul Ball, location: 2F 2-2: Ball 3-2: Ground out 6-3 (Groundball, 56, EV 103.1 MPH)
|
Bottom of the 4th over - 5 runs, 5 hits, 0 errors, 1 left on base; Las Vegas 0 - Greenville 12 |
TOP OF THE 5TH |
Las Vegas Flamingos batting - Pitching for Greenville 84s : LHP Zadock Dinkelmann
|
Batting: LHB Dirk Horwedel
|
0-0: Called Strike 0-1: Foul Ball, location: 2F 0-2: Strikes out swinging
|
Batting: LHB Owen Sharts
|
0-0: Swinging Strike 0-1: Ground out U3 (Groundball, 3, EV 90.0 MPH)
|
Batting: RHB Benjamin Blunsdon
|
0-0: Ball 1-0: Foul Ball, location: 2F 1-1: Called Strike 1-2: Ball 2-2: SINGLE (Groundball, 6MD, EV 98.1 MPH)
|
Batting: RHB Sake van Arem
|
0-0: Ball 1-0: Ball 2-0: Foul Ball, location: 2F 2-1: Ball 3-1: Base on Balls Benjamin Blunsdon to second
|
Batting: RHB Eric Deweese
|
0-0: SINGLE (Groundball, 6MD, EV 103.1 MPH) Benjamin Blunsdon to third Sake van Arem to second Runner from 3rd tries for Home, SAFE, no throw by CF
|
Batting: RHB Esteban León
|
0-0: Fielders Choice at 2nd, 6-4 (Groundball, 56, EV 103.8 MPH)
|
Top of the 5th over - 1 run, 2 hits, 0 errors, 2 left on base; Las Vegas 1 - Greenville 12 |
BOTTOM OF THE 5TH |
Greenville 84s batting - Pitching for Las Vegas Flamingos : RHP Gilberto Pontojá
|
Batting: SHB Glyn Bolasky
|
0-0: Ground out 3-1 (Groundball, 34, EV 89.4 MPH)
|
Batting: LHB Philip Visscher
|
0-0: Foul Ball, location: 2F 0-1: Foul Ball, location: 2F 0-2: Ball 1-2: Ball 2-2: Ball 3-2: SINGLE (Groundball, 3, EV 86.2 MPH) (infield hit)
|
Batting: LHB Roberts Hamhock
|
0-0: Called Strike 0-1: Swinging Strike 0-2: Ball 1-2: Fielders Choice at 2nd, 2-4 (Groundball, 15S, EV 63.1 MPH)
|
Batting: LHB Chris Payling
|
0-0: Ball 1-0: Ground out 1-3 (Groundball, 13, EV 90.6 MPH)
|
Bottom of the 5th over - 0 runs, 1 hit, 0 errors, 1 left on base; Las Vegas 1 - Greenville 12 |
TOP OF THE 6TH |
Las Vegas Flamingos batting - Pitching for Greenville 84s : LHP Zadock Dinkelmann
|
Batting: LHB Chan-ho Shinn
|
0-0: Called Strike 0-1: Ball 1-1: Called Strike 1-2: Strikes out looking
|
Batting: LHB Joo-Chan Park
|
0-0: Ball 1-0: Ball 2-0: Ground out 6-3 (Groundball, 4M, EV 86.2 MPH)
|
Batting: LHB Lewis N. Clark
|
0-0: Called Strike 0-1: Foul Ball, location: 2F 0-2: Foul Ball, location: 2F 0-2: Ball 1-2: Fly out, F3 (Flyball, 3D, EV 87.5 MPH)
|
Top of the 6th over - 0 runs, 0 hits, 0 errors, 0 left on base; Las Vegas 1 - Greenville 12 |
BOTTOM OF THE 6TH |
Greenville 84s batting - Pitching for Las Vegas Flamingos : RHP Gilberto Pontojá
|
Batting: RHB Gil Andersen
|
0-0: Swinging Strike 0-1: Ball 1-1: Ground out 6-3 (Groundball, 6S, EV 86.9 MPH)
|
Batting: RHB António Macías
|
0-0: Ball 1-0: Foul Ball, location: 2F 1-1: Foul Ball, location: 2F 1-2: Ball 2-2: Fly out, F8 (Flyball, 8RM, EV 90.6 MPH)
|
Batting: LHB Lung Chaim
|
0-0: Called Strike 0-1: Called Strike 0-2: Ball 1-2: Foul Ball, location: 2F 1-2: Fly out, F9 (Flyball, 9S, EV 89.4 MPH)
|
Bottom of the 6th over - 0 runs, 0 hits, 0 errors, 0 left on base; Las Vegas 1 - Greenville 12 |
TOP OF THE 7TH |
Las Vegas Flamingos batting - Pitching for Greenville 84s : LHP Zadock Dinkelmann
|
Batting: LHB Dirk Horwedel
|
0-0: Ball 1-0: Called Strike 1-1: Ball 2-1: Ball 3-1: Foul Ball, location: 2F 3-2: Strikes out swinging
|
Batting: LHB Owen Sharts
|
0-0: Fly out, F8 (Flyball, 8LM, EV 76.2 MPH)
|
Batting: RHB Benjamin Blunsdon
|
0-0: Called Strike 0-1: Foul Ball, location: 2F 0-2: Ball 1-2: Ball 2-2: Strikes out looking
|
Top of the 7th over - 0 runs, 0 hits, 0 errors, 0 left on base; Las Vegas 1 - Greenville 12 |
BOTTOM OF THE 7TH |
Greenville 84s batting - Pitching for Las Vegas Flamingos : RHP Gilberto Pontojá
|
Pinch Hitting: RHB Freedon Akinmoladun
|
0-0: Ball 1-0: SINGLE (Groundball, 4MD, EV 105.0 MPH)
|
Batting: RHB Nick Bechtel
|
0-0: Ball 1-0: Ball 2-0: Called Strike 2-1: Ball 3-1: Base on Balls Freedon Akinmoladun to second
|
Pitching: RHP Alain Arnaud
|
|
Batting: SHB Glyn Bolasky
|
0-0: Ball 1-0: Foul Ball, location: 2F 1-1: Swinging Strike 1-2: Ball 2-2: Foul Ball, location: 2F 2-2: Fielders Choice at 2nd, 5-4 (Groundball, 56, EV 92.5 MPH) Freedon Akinmoladun to third
|
Batting: LHB Philip Visscher
|
0-0: Foul Ball, location: 2F 0-1: Foul Ball, location: 2F 0-2: Ball 1-2: Ball 2-2: SINGLE (Line Drive, 89M, EV 96.9 MPH) Freedon Akinmoladun scores Glyn Bolasky to second
|
Batting: LHB Roberts Hamhock
|
0-0: Called Strike 0-1: Foul Ball, location: 2F 0-2: Strikes out swinging
|
Batting: LHB Chris Payling
|
0-0: Called Strike 0-1: Ball 1-1: 3-RUN HOME RUN (Flyball, 9LD, EV 99.4 MPH), Distance : 336 ft
|
Batting: RHB Gil Andersen
|
0-0: Ball 1-0: Foul Ball, location: 2F 1-1: Foul Ball, location: 2F 1-2: Ground out 6-3 (Groundball, 56, EV 101.2 MPH)
|
Bottom of the 7th over - 4 runs, 3 hits, 0 errors, 0 left on base; Las Vegas 1 - Greenville 16 |
TOP OF THE 8TH |
Las Vegas Flamingos batting - Pitching for Greenville 84s : LHP Zadock Dinkelmann
|
Now at 2B: Freedon Akinmoladun
|
|
Batting: RHB Sake van Arem
|
0-0: SINGLE (Line Drive, 6MD, EV 98.8 MPH)
|
Pitching: RHP Mau Delgado
|
|
Batting: RHB Eric Deweese
|
0-0: Fly out, F8 (Line Drive, 8RM, EV 105.6 MPH)
|
Batting: RHB Esteban León
|
0-0: Ball 1-0: Ball 2-0: Ball 3-0: Called Strike 3-1: Foul Ball, location: 2F 3-2: Fly out, F3 (Popup, 3SF, EV 83.1 MPH)
|
Batting: LHB Chan-ho Shinn
|
0-0: Called Strike 0-1: Ball 1-1: Ball 2-1: 2-RUN HOME RUN (Flyball, 8LXD, EV 94.4 MPH), Distance : 428 ft
|
Pinch Hitting: LHB Lao Tian
|
0-0: Ball 1-0: Ground out 1-3 (Groundball, 23, EV 71.2 MPH)
|
Top of the 8th over - 2 runs, 2 hits, 0 errors, 0 left on base; Las Vegas 3 - Greenville 16 |
BOTTOM OF THE 8TH |
Greenville 84s batting - Pitching for Las Vegas Flamingos : RHP Alain Arnaud
|
Now in RF: Lao Tian
|
|
Batting: RHB António Macías
|
0-0: Ball 1-0: Called Strike 1-1: Foul Ball, location: 2F 1-2: Foul Ball, location: 2F 1-2: Strikes out swinging
|
Batting: LHB Lung Chaim
|
0-0: SINGLE (Line Drive, 78S, EV 97.5 MPH)
|
Batting: RHB Freedon Akinmoladun
|
0-0: Ball 1-0: Called Strike 1-1: Called Strike 1-2: Foul Ball, location: 2F 1-2: Ball 2-2: DOUBLE (Flyball, 89XD, EV 96.2 MPH) Lung Chaim to third
|
Batting: RHB Nick Bechtel
|
0-0: Called Strike 0-1: Ball 1-1: Foul Ball, location: 2F 1-2: Strikes out swinging
|
Batting: SHB Glyn Bolasky
|
0-0: Fly out, F9 (Flyball, 89S, EV 81.2 MPH)
|
Bottom of the 8th over - 0 runs, 2 hits, 0 errors, 2 left on base; Las Vegas 3 - Greenville 16 |
TOP OF THE 9TH |
Las Vegas Flamingos batting - Pitching for Greenville 84s : RHP Mau Delgado
|
Batting: LHB Lewis N. Clark
|
0-0: Called Strike 0-1: Called Strike 0-2: Ball 1-2: Foul Ball, location: 2F 1-2: SOLO HOME RUN (Flyball, 7D, EV 110.0 MPH), Distance : 371 ft
|
Pinch Hitting: LHB Cisco Hernández
|
0-0: Ball 1-0: SINGLE (Line Drive, 8RS, EV 86.2 MPH)
|
Batting: LHB Owen Sharts
|
0-0: Swinging Strike 0-1: Ball 1-1: Ball 2-1: Ball 3-1: Foul Ball, location: 2F 3-2: Reached on error, E8 (Flyball, 8LXD, EV 100.0 MPH) Cisco Hernández to second
|
Batting: RHB Benjamin Blunsdon
|
0-0: Ball 1-0: Called Strike 1-1: Swinging Strike 1-2: Ball 2-2: Strikes out swinging
|
Batting: RHB Sake van Arem
|
0-0: Ball 1-0: Called Strike 1-1: Called Strike 1-2: Ball 2-2: Strikes out swinging
|
Batting: RHB Eric Deweese
|
0-0: Fly out, F3 (Popup, 23F, EV 85.0 MPH)
|
Top of the 9th over - 1 run, 2 hits, 1 error, 2 left on base; Las Vegas 4 - Greenville 16 |
|